 Dungeon Crawl Stone Soup version 0.26.0-10-g1f06aea511 (webtiles) character file.

Game seed: 13351739526700503023

207237 Arthanis the Pyromancer (level 18, 0/94 HPs)
             Began as a Deep Elf Fire Elementalist on Jan 16, 2021.
             Was the Champion of Vehumet.
             Shot with an arrow by Vashnia (29 damage)
             ... on level 3 of the Snake Pit.
             The game lasted 01:23:37 (37713 turns).

Arthanis the Pyromancer (DEFE)                     Turns: 37713, Time: 01:23:37

Health: 0/94       AC:  6    Str:  5    XL:     18   Next: 47%
Magic:  36/61      EV: 21    Int: 29    God:    Vehumet [******]
Gold:   1327       SH:  9    Dex: 22    Spells: 1/56 levels left

rFire    + + .     SeeInvis .   H - +5 dagger "Jaoliox" {holy, Dex+7}
rCold    + + .     Faith    .   m - +3 buckler
rNeg     + . .     Spirit   .   x - +2 robe {rC+ rF+}
rPois    +         Reflect  .   S - -2 hat of the Alchemist {rElec rPois rF+ rC+ rN+ Will+ rMut rCorr}
rElec    +         Harm     .   n - +0 cloak "Sopsaig" {rPois Will+ Slay-4}
rCorr    +         Rampage  .   (no gloves)
rMut     +                      y - +2 pair of boots {run}
Will     +++..                  u - amulet of magic regeneration
Stlth    +++.......             q - ring of magical power
HPRegen  0.25/turn              J - ring of magical power
MPRegen  0.62/turn

@: studying Fighting, quick
A: no striking features
a: Renounce Religion


You were on level 3 of the Snake Pit.
You worshipped Vehumet.
Vehumet was exalted by your worship.
You visited 6 branches of the dungeon, and saw 30 of its levels.

You collected 4567 gold pieces.
You spent 3240 gold pieces at shops.

Inventory:

Hand Weapons
 G - a +9 spear
 H - the +5 dagger "Jaoliox" (weapon) {holy, Dex+7}
   (You found it on level 5 of the Dungeon)

   It has been blessed by the Shining One to cause great damage to the undead
   and demons.
   It affects your dexterity (+7).
Armour
 m - a +3 buckler (worn)
 n - the +0 cloak "Sopsaig" (worn) {rPois Will+ Slay-4}
   (You found it on level 1 of the Elven Halls)

   It affects your accuracy and damage with ranged weapons and melee attacks
   (-4).
   It protects you from poison.
   It affects your willpower, your defense against some magical effects.
 x - a +2 robe of resistance (worn)
 y - a +2 pair of boots of running (worn)
 S - the -2 hat of the Alchemist (worn) {rElec rPois rF+ rC+ rN+ Will+ rMut rCorr}
   (You found it on level 11 of the Dungeon)

   It protects you from fire.
   It protects you from cold.
   It insulates you from electricity.
   It protects you from poison.
   It protects you from negative energy.
   It affects your willpower, your defense against some magical effects.
   It provides partial protection from all sources of acid and corrosion.
   It protects you from mutation.
Magical Staves
 E - an uncursed staff of cold
Jewellery
 l - the ring of Oreitie {+Fly Will+ rCorr Str+3}
   (You took it off a deep elf annihilator on level 3 of the Elven Halls)

   [ring of resist corrosion]

   It affects your strength (+3).
   It affects your willpower, your defense against some magical effects.
   It lets you fly.
   It provides partial protection from all sources of acid and corrosion.
 q - a ring of magical power (left hand)
 u - an amulet of magic regeneration (around neck)
 C - an uncursed amulet of reflection
 J - a ring of magical power (right hand)
 T - an uncursed ring of ice
 U - an uncursed ring of fire
 W - an uncursed ring of poison resistance
 X - the ring of Dilekal {rElec Str+3 Int+6}
   (You found it on level 3 of the Elven Halls)

   [ring of intelligence]

   It affects your strength (+3).
   It affects your intelligence (+6).
   It insulates you from electricity.
 Y - a +6 ring of dexterity
Wands
 o - a wand of digging (10)
 t - a wand of flame (84)
 v - a wand of acid (27)
 F - a wand of disintegration (15)
 K - a wand of iceblast (34)
Scrolls
 a - a scroll of holy word
 b - 2 scrolls of identify
 c - 4 scrolls of immolation
 d - a scroll of amnesia
 e - 14 scrolls of remove curse
 p - a scroll of enchant armour
 w - 11 scrolls of fear
 z - 11 scrolls of teleportation
 A - a scroll of enchant weapon
 B - a scroll of summoning
 D - 4 scrolls of blinking
 N - 2 scrolls of fog
 P - 4 scrolls of magic mapping
 Z - 2 scrolls of silence
Potions
 g - 11 potions of brilliance
 h - 3 potions of flight
 i - 4 potions of haste
 r - 8 potions of might
 I - 5 potions of lignification
 L - a potion of magic
 M - 4 potions of heal wounds
 O - 2 potions of invisibility
 Q - 4 potions of ambrosia
 R - 2 potions of resistance
 V - 4 potions of curing
Books
 k - a manual of Fighting
Miscellaneous
 f - a box of beasts
 j - a lightning rod (4/4)


   Skills:
 - Level 4.0 Fighting
 - Level 10.0 Dodging
 - Level 3.0 Stealth
 - Level 4.0 Shields
 + Level 19.5 Spellcasting
 + Level 16.8 Conjurations
 * Level 22.4 Fire Magic
 - Level 8.1 Evocations


You had one spell level left.
You knew the following spells:

 Your Spells              Type           Power        Failure   Level
a - Foxfire               Conj/Fire      100%         0%          1
b - Conjure Flame         Conj/Fire      97%          0%          3
c - Sticky Flame          Conj/Fire      97%          0%          4
d - Fireball              Conj/Fire      48%          0%          5
e - Blink                 Tloc           N/A          2%          2
f - Fire Storm            Conj/Fire      48%          12%         9
i - Orb of Destruction    Conj           45%          1%          7
j - Starburst             Conj/Fire      48%          1%          6
k - Iskenderun's Battles  Conj           90%          1%          5
l - Bolt of Magma         Conj/Fire/Erth 40%          1%          5
m - Ignition              Fire           51%          1%          8

Your spell library contained the following spells:

 Spells                   Type           Power        Failure   Level
 Lehudib's Crystal Spear  Conj/Erth      33%          56%         8
 Absolute Zero            Ice            14%          100%        9
 Magic Dart               Conj           100%         0%          1
 Apportation              Tloc           56%          1%          1
 Beastly Appendage        Tmut           56%          1%          1
 Corona                   Hex            31%          1%          1
 Pain                     Necr           100%         1%          1
 Shock                    Conj/Air       100%         1%          1
 Summon Small Mammal      Summ           100%         1%          1
 Dazzling Flash           Conj/Hex       100%         1%          3
 Ignite Poison            Fire/Tmut/Pois 64%          1%          3
 Inner Flame              Hex/Fire       76%          1%          3
 Mephitic Cloud           Conj/Pois/Air  57%          1%          3
 Iron Shot                Conj/Erth      33%          1%          6
 Call Imp                 Summ           28%          2%          2
 Ensorcelled Hibernation  Hex/Ice        56%          2%          2
 Slow                     Hex            28%          2%          2
 Swiftness                Air            28%          2%          2
 Wereblood                Tmut           28%          2%          2
 Confusing Touch          Hex            28%          4%          3
 Gell's Gravitas          Tloc           14%          4%          3
 Lesser Beckoning         Tloc           14%          4%          3
 Spider Form              Tmut/Pois      14%          4%          3
 Tukima's Dance           Hex            28%          4%          3
 Vampiric Draining        Necr           14%          4%          3
 Yara's Violent Unravell  Hex/Tmut       14%          11%         5
 Spellforged Servitor     Conj/Summ      33%          11%         7
 Ice Form                 Ice/Tmut       28%          14%         4
 Passage of Golubria      Tloc           N/A          14%         4
 Petrify                  Tmut/Erth      28%          14%         4
 Agony                    Necr           28%          36%         5
 Alistair's Intoxication  Tmut/Pois      18%          36%         5
 Blade Hands              Tmut           14%          36%         5
 Metabolic Englaciation   Hex/Ice        14%          36%         5
 Summon Demon             Summ           14%          36%         5
 Summon Forest            Summ/Tloc      14%          36%         5
 Summon Mana Viper        Hex/Summ       28%          36%         5
 Ozocubu's Refrigeration  Ice            14%          45%         6
 Invisibility             Hex            28%          91%         6
 Shadow Creatures         Summ           N/A          91%         6
 Simulacrum               Ice/Necr       14%          91%         6
 Summon Hydra             Summ           14%          100%        7
 Tornado                  Air            14%          100%        9


Dungeon Overview and Level Annotations

Branches:
Dungeon (15/15)            Temple (1/1) D:4            Lair (6/6) D:8
 Shoals (0/4) Lair:2        Snake (3/4) Lair:4        Slime (0/5) Lair:5
    Orc (2/2) D:9             Elf (3/3) Orc:2        Vaults (0/5) D:13
 Depths (0/5) D:15

Altars:
Ashenzari
Cheibriados
Dithmenos
Elyvilon
Fedhas
Gozag
Hepliaklqana
Kikubaaqudgha
Makhleb
Nemelex Xobeh
Okawaru
Qazlal
Ru
Sif Muna
Trog
Uskayaw
Vehumet
Wu Jian
Yredelemnul
Zin
The Shining One
Beogh

Shops:
D:13 ?   D:14 [   Orc:2 (:}}

Annotations:
Lair:5 2 runed translucent doors, Serogusm's ghost, journeyman CeAM
Snake:3 Vashnia


Message History

Vashnia is heavily wounded.
The air sparks with electricity, shocking you!
You resist.
Your battlesphere fires!
The barrage of energy hits Vashnia.
Vashnia is severely wounded.
Your battlesphere expends the last of its energy and dissipates.
The naga sharpshooter mumbles some strange words.
The naga sharpshooter magically shoots an arrow.
The arrow hits you!
* * * LOW HITPOINT WARNING * * *
Vashnia shoots an arrow.
You block the arrow.
Casting: Starburst (safe; 1% risk of failure)
Confirm with . or Enter, or press ? or * to list all spells.
Casting: Starburst (safe; 1% risk of failure)
Press: ? - help, Dir - look around, f - activate The bolt of fire hits Vashnia!
Vashnia resists.
Vashnia is severely wounded.
Vashnia shoots an arrow.
The arrow hits you!!
You die...

# #..
#########
#..(##.(☼#...#
#..N.N.@.#)..#
#####...(<..!#
#####....).#
##...#?#
#####†.. #..N
.##


You could see Vashnia and a naga sharpshooter.

Vanquished Creatures
  Jorgrun (Orc:2)
  Rupert (Lair:5)
  3 deep elf blademasters
  A deep elf master archer (Elf:3)
  Gastronok (Lair:3)
  Frances (D:12)
  Donald (Snake:2)
  5 deep elf sorcerers
  5 deep elf elementalists (Elf:3)
  An ironheart preserver (D:13)
  4 deep elf demonologists
  Nessos (Lair:5)
  8 deep elf annihilators (Elf:3)
  An ettin (D:15)
  5 dire elephants (Lair:6)
  Snorg (Lair:6)
  3 deep elf death magi (Elf:3)
  5 ogre magi
  7 naga warriors
  6 deep elf high priests
  A boulder beetle (D:11)
  9 hydras
  A catoblepas (Lair:6)
  Erica (Lair:2)
  3 anacondas
  17 two-headed ogres
  23 dancing weapons
  2 centaur warriors (D:13)
  A tengu warrior (D:15)
  4 death yaks (Lair:2)
  An orc high priest (Elf:1)
  Urug (Lair:2)
  9 naga sharpshooters
  Nergalle (Orc:1)
  24 deep elf knights
  3 shock serpents
  5 skeletal warriors (D:14)
  4 unseen horrors
  3 naga ritualists
  9 deep elf archers
  An orc knight (Orc:2)
  Pikel (D:6)
  60 deep elf magi
  4 mana vipers
  5 ugly things (D:14)
  2 oklob plants (Lair:6)
  4 orc sorcerers
  3 manticores
  4 cyclopes
  5 salamanders
  20 black mambas
  10 elephants (Lair:6)
  A merfolk siren (Lair:2)
  2 guardian serpents
  Maurice (D:12)
  A torpor snail (Lair:5)
  8 naga magi
  2 gargoyles
  12 cane toads
  4 rime drakes
  2 efreet (D:13)
  9 komodo dragons
  A freezing wraith (D:13)
  A yaktaur (D:15)
  2 tengu conjurers
  2 polar bears (Lair:6)
  5 trolls
  A hornet (shapeshifter) (D:14)
  2 hornets
  Grinder (D:3)
  A meliai zombie (D:13)
  26 blink frogs
  3 air elementals
  A shadow (D:15)
  A redback (shapeshifter) (Elf:3)
  A vampire (D:13)
  3 wraiths
  A water elemental (Elf:1)
  4 wyverns
  51 yaks
  2 fire elementals
  A golden eye (shapeshifter) (D:10)
  5 basilisks
  A basilisk (shapeshifter) (D:15)
  A steam dragon (Lair:4)
  A soldier ant (D:15)
  22 nagas
  5 wargs
  An acid dragon (D:10)
  Duvessa (D:4)
  18 water moccasins
  18 orc warriors
  4 sky beasts
  4 ice beasts
  5 black bears
  A black bear (shapeshifter) (D:15)
  An eye of draining (D:11)
  A necrophage (D:11)
  36 ogres
  5 phantoms
  19 wolves
  20 centaurs
  A lemure (D:6)
  Blork the orc (D:4)
  27 bullfrogs
  2 earth elementals
  A wyvern zombie (D:12)
  Dowan (D:4)
  7 scorpions
  6 killer bees
  4 wights (D:8)
  7 howler monkeys
  2 electric eels
  A quasit (D:10)
  2 centaur zombies
  3 bullfrog zombies
  4 jellies
  15 orc priests
  3 bullfrog skeletons
  5 centaur skeletons
  9 hounds
  A gnoll shaman (D:5)
  Jessica (D:2)
  Ijyb (D:4)
  5 hell rats (Lair:4)
  Natasha (thrice) (D:4)
  9 iguanas
  17 orc wizards
  15 worker ants
  2 hound zombies
  3 hound skeletons
  2 worker ant zombies
  Robin (D:2)
  6 gnolls
  12 adders
  3 shadow imps
  3 white imps
  An ufetubus (D:5)
  An ooze (D:3)
  An adder skeleton (D:8)
  An adder zombie (D:7)
  3 worms
  5 dart slugs
  A leopard gecko (D:5)
  84 orcs
  10 bats
  A bat zombie (D:7)
  10 giant cockroaches
  14 goblins
  12 hobgoblins
  17 jackals
  9 kobolds
  9 quokkas
  2 ball pythons (D:3)
  7 frilled lizards
  A jackal skeleton (D:5)
  A leopard gecko zombie (D:7)
  A quokka skeleton (D:4)
  4 rats
  2 rat zombies (D:7)
  3 bushes
1008 creatures vanquished.

Vanquished Creatures (collateral kills)
  14 foxfires (D:8)
14 creatures vanquished.

Vanquished Creatures (others)
  2 deep elf magi
  An air elemental (Elf:3)
  1728 foxfires
  44 fungi
  54 plants
1829 creatures vanquished.

Grand Total: 2851 creatures vanquished

Notes
Turn   | Place    | Note
-------+----------+-------------------------------------------
     0 | D:1      | Arthanis the Deep Elf Fire Elementalist began the quest for
                  | the Orb.
     0 | D:1      | Reached XP level 1. HP: 10/10 MP: 6/6
   222 | D:1      | Reached XP level 2. HP: 2/15 MP: 0/8
   900 | D:1      | Reached skill level 4 in Fire Magic
  1006 | D:1      | Reached XP level 3. HP: 19/19 MP: 7/10
  1010 | D:1      | Learned a level 3 spell: Conjure Flame
  1499 | D:2      | Noticed an orc warrior
  1974 | D:2      | Reached XP level 4. HP: 24/24 MP: 7/11
  2079 | D:2      | Noticed Robin
  2087 | D:2      | Killed Robin
  2137 | D:2      | Learned a level 4 spell: Sticky Flame
  2392 | D:2      | Noticed Jessica
  2397 | D:2      | Killed Jessica
  2398 | D:2      | Reached skill level 5 in Fire Magic
  2458 | D:2      | Reached XP level 5. HP: 28/28 MP: 11/13
  3440 | D:2      | Learned a level 5 spell: Fireball
  3750 | D:3      | Noticed Grinder
  3759 | D:3      | Killed Grinder
  3760 | D:3      | Reached skill level 5 in Spellcasting
  3760 | D:3      | Reached skill level 6 in Fire Magic
  3760 | D:3      | Reached XP level 6. HP: 18/32 MP: 6/15
  5154 | D:3      | Found a bloodstained altar of Trog.
  5313 | D:4      | Noticed Natasha
  5318 | D:4      | Killed Natasha
  5319 | D:4      | Reached XP level 7. HP: 36/36 MP: 17/17
  5383 | D:4      | Noticed Ijyb
  5383 | D:4      | Noticed Natasha
  5467 | D:4      | Found a staircase to the Ecumenical Temple.
  5554 | D:4      | Noticed Blork the orc
  5560 | D:4      | Killed Blork the orc
  5567 | Temple   | Entered the Ecumenical Temple
  5628 | Temple   | Became a worshipper of Vehumet
  5755 | D:4      | Reached skill level 7 in Fire Magic
  5840 | D:4      | Found a white marble altar of Elyvilon.
  5907 | D:4      | Killed Natasha
  5957 | D:4      | Noticed Duvessa
  5957 | D:4      | Noticed Dowan
  5969 | D:4      | Killed Dowan
  5993 | D:4      | Killed Duvessa
  6019 | D:4      | Killed Ijyb
  6059 | D:4      | Noticed Natasha
  6062 | D:4      | Killed Natasha
  6202 | D:4      | Got a bound bronze ring
  6446 | D:5      | Entered Level 5 of the Dungeon
  6452 | D:5      | Reached skill level 5 in Conjurations
  6469 | D:5      | Learned a level 2 spell: Blink
  6471 | D:5      | Learned a level 1 spell: Magic Dart
  6475 | D:5      | Learned a level 3 spell: Mephitic Cloud
  6485 | D:5      | Reached skill level 8 in Fire Magic
  6485 | D:5      | Reached XP level 8. HP: 41/41 MP: 20/20
  6559 | D:5      | Identified the ring of Rajimpie {*Tele rF- rC++ Will+} (You
                  | found it on level 4 of the Dungeon)
  6666 | D:5      | Found a bloodstained altar of Trog.
  6883 | D:5      | Reached * piety under Vehumet
  6883 | D:5      | Offered knowledge of Shock by Vehumet.
  6886 | D:5      | Learned a level 1 spell: Shock
  7352 | D:5      | Reached skill level 9 in Fire Magic
  7745 | D:5      | Got an ancient dagger
  7746 | D:5      | Identified the +5 dagger "Jaoliox" {holy, Dex+7} (You found
                  | it on level 5 of the Dungeon)
  7855 | D:6      | Found a hide-covered altar of Uskayaw.
  8049 | D:6      | Noticed Pikel
  8055 | D:6      | Killed Pikel
  8056 | D:6      | Reached skill level 10 in Fire Magic
  8056 | D:6      | Reached XP level 9. HP: 45/45 MP: 23/23
  8140 | D:6      | Found a bloodstained altar of Trog.
  8400 | D:6      | Reached ** piety under Vehumet
  8421 | D:6      | Offered knowledge of Searing Ray by Vehumet.
  8607 | D:7      | Found a basalt altar of Yredelemnul.
  8618 | D:7      | Found a hazy altar of Hepliaklqana.
  8628 | D:7      | Found an ornate altar of the Wu Jian Council.
  8897 | D:7      | Reached skill level 1 in Evocations
  9331 | D:7      | Found an ancient bone altar of Kikubaaqudgha.
  9550 | D:8      | Reached skill level 1 in Fighting
  9990 | D:8      | Offered knowledge of Frozen Ramparts by Vehumet.
 10124 | D:8      | Reached skill level 11 in Fire Magic
 10124 | D:8      | Reached XP level 10. HP: 39/53 MP: 25/25
 10436 | D:8      | Found a staircase to the Lair.
 10515 | D:9      | Reached *** piety under Vehumet
 10516 | D:9      | Noticed a two-headed ogre
 10592 | D:9      | Killed a two-headed ogre
 10593 | D:9      | Reached skill level 10 in Spellcasting
 10600 | D:9      | Noticed a two-headed ogre
 10605 | D:9      | Killed a two-headed ogre
 10606 | D:9      | Reached skill level 12 in Fire Magic
 10955 | D:9      | Offered knowledge of Airstrike by Vehumet.
 11017 | D:9      | Found a glowing silver altar of Zin.
 11118 | D:9      | Found a staircase to the Orcish Mines.
 11237 | D:9      | Found a bloodstained altar of Trog.
 11246 | D:9      | Noticed a two-headed ogre
 11252 | D:9      | Killed a two-headed ogre
 11373 | D:10     | Entered Level 10 of the Dungeon
 11385 | D:10     | Noticed an unseen horror
 11385 | D:10     | Noticed a two-headed ogre
 11389 | D:10     | HP: 1/53 [something (9)]
 11394 | D:10     | Killed a two-headed ogre
 11395 | D:10     | Reached XP level 11. HP: 14/57 MP: 18/28
 11408 | D:9      | HP: 1/57 [something (4)]
 11826 | D:10     | Reached skill level 5 in Dodging
 12133 | D:10     | Reached skill level 13 in Fire Magic
 12144 | D:10     | Reached **** piety under Vehumet
 12146 | D:10     | Offered knowledge of Ignite Poison by Vehumet.
 12331 | D:10     | Noticed an unseen horror
 12333 | D:10     | Killed an unseen horror
 13460 | D:11     | Found a snail-covered altar of Cheibriados.
 13803 | D:11     | Learned a level 7 spell: Orb of Destruction
 13813 | D:11     | Identified the cursed +1 war axe "Mytwol" {vorpal, Dex+4}
 13815 | D:11     | Reached ***** piety under Vehumet
 13836 | D:11     | Found the -2 hat of the Alchemist {rElec rPois rF+ rC+ rN+
                  | Will+ rMut rCorr}
 14073 | D:11     | Noticed a boulder beetle
 14139 | D:11     | Killed a boulder beetle
 14155 | D:11     | Offered knowledge of Starburst by Vehumet.
 14166 | D:11     | Learned a level 6 spell: Starburst
 14330 | D:11     | Reached XP level 12. HP: 62/62 MP: 29/29
 14907 | D:12     | Noticed Frances
 14915 | D:12     | Killed Frances
 14916 | D:12     | Reached skill level 10 in Conjurations
 14916 | D:12     | Reached skill level 5 in Evocations
 15297 | D:12     | Reached skill level 14 in Fire Magic
 15361 | D:12     | Noticed Maurice
 15363 | D:12     | Killed Maurice
 15941 | D:13     | Identified a scroll of acquirement
 15943 | D:13     | Acquired 1107 gold pieces
 16560 | D:13     | Noticed a centaur warrior
 16563 | D:13     | Killed a centaur warrior
 16583 | D:13     | Noticed a centaur warrior
 16586 | D:13     | Killed a centaur warrior
 16759 | D:13     | Noticed a two-headed ogre
 16759 | D:13     | Noticed a two-headed ogre
 16761 | D:13     | Killed a two-headed ogre
 16762 | D:13     | Killed a two-headed ogre
 16965 | D:13     | Noticed an ironheart preserver
 16971 | D:13     | Killed an ironheart preserver
 16972 | D:13     | Reached skill level 15 in Fire Magic
 17141 | D:13     | Found a gate to the Vaults.
 17344 | D:13     | Found Kepant's Magic Scroll Shop.
 17349 | D:13     | Bought a scroll of summoning for 114 gold pieces
 17349 | D:13     | Bought a scroll of fear for 42 gold pieces
 17349 | D:13     | Bought 2 scrolls of blinking for 180 gold pieces
 17349 | D:13     | Bought a scroll of identify for 24 gold pieces
 17349 | D:13     | Bought a scroll of teleportation for 36 gold pieces
 17349 | D:13     | Bought a scroll of identify for 24 gold pieces
 17889 | D:14     | Reached XP level 13. HP: 66/66 MP: 32/32
 18587 | D:14     | Found Kewops's Armour Shoppe.
 18611 | D:14     | Bought a +2 robe of willpower for 230 gold pieces
 18713 | D:14     | Reached skill level 16 in Fire Magic
 19062 | D:15     | Entered Level 15 of the Dungeon
 19273 | D:15     | Noticed an ettin
 19419 | D:15     | Killed an ettin
 19926 | D:15     | Found a staircase to the Depths.
 20553 | Orc:1    | Entered Level 1 of the Orcish Mines
 20556 | Orc:1    | Noticed Nergalle
 20560 | Orc:1    | Killed Nergalle
 20764 | Orc:1    | Found a roughly hewn altar of Beogh.
 21026 | Orc:1    | Offered knowledge of Irradiate by Vehumet.
 21565 | Orc:2    | Entered Level 2 of the Orcish Mines
 21584 | Orc:2    | Reached XP level 14. HP: 72/72 MP: 34/34
 21596 | Orc:2    | Noticed Jorgrun
 21847 | Orc:2    | Killed Jorgrun
 21848 | Orc:2    | Reached skill level 17 in Fire Magic
 22055 | Orc:2    | Reached skill level 15 in Spellcasting
 22352 | Orc:2    | Reached ****** piety under Vehumet
 22684 | Orc:2    | Found Paplagibb's Book Emporium.
 22685 | Orc:2    | Found Horuorr's Antique Weapon Boutique.
 22686 | Orc:2    | Found Tusud Xuthe's Gadget Emporium.
 22686 | Orc:2    | Found Zuumub's Gadget Shop.
 22695 | Orc:2    | Offered knowledge of Conjure Ball Lightning by Vehumet.
 22702 | Orc:2    | Bought a wand of acid (10) for 308 gold pieces
 22702 | Orc:2    | Bought a lightning rod (4/4) for 330 gold pieces
 22838 | Orc:2    | Reached skill level 18 in Fire Magic
 22961 | Orc:2    | Found a staircase to the Elven Halls.
 23042 | Orc:2    | Found a roughly hewn altar of Beogh.
 23305 | Lair:1   | Entered Level 1 of the Lair of Beasts
 23365 | Lair:1   | Learned a level 5 spell: Iskenderun's Battlesphere
 23371 | Lair:1   | Learned a level 5 spell: Bolt of Magma
 23497 | Lair:1   | You fall into a shaft and drop 1 floor!
 23501 | Lair:2   | Noticed Erica
 23502 | Lair:2   | Noticed Urug
 23507 | Lair:2   | Killed Erica
 23508 | Lair:2   | Killed Urug
 25033 | Lair:2   | Found a staircase to the Shoals.
 25195 | Lair:3   | Noticed Gastronok
 25210 | Lair:3   | Killed Gastronok
 25211 | Lair:3   | Reached XP level 15. HP: 77/77 MP: 19/36
 26011 | Lair:4   | Offered knowledge of Lee's Rapid Deconstruction by Vehumet.
 26042 | Lair:4   | Found a staircase to the Snake Pit.
 26693 | Lair:4   | Found a shadowy altar of Dithmenos.
 27065 | Lair:5   | Found a large runed translucent door.
 27065 | Lair:5   | Found a large runed translucent door.
 27070 | Lair:5   | Noticed Serogusm's ghost (journeyman CeAM)
 27125 | Lair:5   | Noticed Nessos
 27128 | Lair:5   | Killed Nessos
 27129 | Lair:5   | Noticed Rupert
 27137 | Lair:5   | Killed Rupert
 27186 | Lair:5   | Found a stormy altar of Qazlal.
 27198 | Lair:5   | Found a staircase to the Slime Pits.
 27671 | Lair:6   | Entered Level 6 of the Lair of Beasts
 27701 | Lair:6   | Noticed Snorg
 28041 | Lair:6   | Offered knowledge of Lightning Bolt by Vehumet.
 28179 | Lair:6   | Killed Snorg
 28329 | Lair:6   | Reached skill level 19 in Fire Magic
 28503 | Lair:6   | Reached skill level 10 in Dodging
 29222 | Lair:6   | Identified the Tome of Calculation
 29435 | Lair:6   | Reached XP level 16. HP: 84/84 MP: 33/38
 29650 | Elf:1    | Entered Level 1 of the Elven Halls
 29869 | Elf:1    | Got a jewelled cloak
 29888 | Elf:1    | Identified the cursed +0 cloak "Sopsaig" {rPois Will+
                  | Slay-4} (You found it on level 1 of the Elven Halls)
 30911 | Elf:2    | Offered knowledge of Ozocubu's Refrigeration by Vehumet.
 30964 | Elf:2    | Learned a level 6 spell: Ozocubu's Refrigeration
 31010 | Elf:2    | Reached skill level 20 in Fire Magic
 31348 | Elf:2    | Reached skill level 15 in Conjurations
 31757 | Elf:2    | Found a shimmering blue altar of Sif Muna.
 31789 | Elf:2    | Found a runed translucent gate.
 31789 | Elf:2    | Found a runed translucent gate.
 31793 | Elf:2    | Found a runed translucent gate.
 32502 | Elf:2    | Noticed a deep elf blademaster
 32509 | Elf:2    | Killed a deep elf blademaster
 32510 | Elf:2    | Reached XP level 17. HP: 82/88 MP: 18/41
 32907 | Elf:3    | Entered Level 3 of the Elven Halls
 33181 | Elf:3    | Reached skill level 21 in Fire Magic
 34521 | Elf:3    | Offered knowledge of Ignition by Vehumet.
 34543 | Elf:2    | Learned a level 8 spell: Ignition
 34688 | Elf:3    | Reached skill level 1 in Shields
 34688 | Elf:3    | Noticed a deep elf blademaster
 34691 | Elf:3    | Killed a deep elf blademaster
 34696 | Elf:3    | Identified the ring of Oreitie {+Fly Will+ rCorr Str+3}
 34974 | Elf:3    | Noticed a deep elf master archer
 34975 | Elf:3    | Killed a deep elf master archer
 35200 | Elf:3    | Identified the +2 chain mail of Freedom {Rampage rF- Dex+8
                  | Slay+3}
 35200 | Elf:3    | Noticed a deep elf blademaster
 35202 | Elf:3    | Killed a deep elf blademaster
 35413 | Elf:3    | Identified Gamebber's Grimoire of Lethal Malediction
 35437 | Elf:3    | Identified a +2 pair of boots of running (You found it on
                  | level 3 of the Elven Halls)
 35508 | Elf:3    | Got a wavering ivory ring
 35515 | Elf:3    | Identified the ring of Dilekal {rElec Str+3 Int+6} (You
                  | found it on level 3 of the Elven Halls)
 35881 | Orc:2    | Bought Sif Muna's Volume of Supportive Lightness for 960
                  | gold pieces
 35885 | Orc:2    | Bought a wand of acid (8) for 264 gold pieces
 35886 | Orc:2    | Bought a wand of iceblast (12) for 208 gold pieces
 35888 | Orc:2    | Bought a box of beasts for 520 gold pieces
 36068 | Snake:1  | Entered Level 1 of the Snake Pit
 36092 | Snake:1  | Reached XP level 18. HP: 84/94 MP: 27/43
 36521 | Snake:2  | Reached skill level 22 in Fire Magic
 36637 | Snake:1  | Offered knowledge of Lehudib's Crystal Spear by Vehumet.
 36637 | Snake:1  | Offered knowledge of Fire Storm by Vehumet.
 36637 | Snake:1  | Offered knowledge of Absolute Zero by Vehumet.
 36744 | Snake:2  | Learned a level 9 spell: Fire Storm
 36869 | Snake:2  | Found a broken altar of Ashenzari.
 36923 | Snake:2  | Noticed Donald
 36929 | Snake:2  | Killed Donald
 37487 | Snake:3  | Noticed Vashnia
 37713 | Snake:3  | Shot with an arrow by Vashnia

Illustrated notes

Levels and vault maps discovered:
D:1:      dpeg_arrival_triangle_fractal, layout_loops_ring
D:2:      layout_basic, kennysheep_donut, minmay_worlds_worst_comb, uniq_robin,
          uniq_jessica
D:3:      minmay_diamond_boxcup, layout_basic, trog_hazing_becter, uniq_grinder
D:4:      layout_basic, elyvilon_altar_1, minmay_temple_entry_drinking_statues,
          minmay_increasing_density, uniq_blork_the_orc, uniq_duvessa,
          uniq_natasha, uniq_ijyb
D:5:      minmay_thinvault, layout_rooms, lemuel_round_altar, st_stairs_7,
          minmay_misc_feat_nine_boxes
D:6:      layout_gridville, lemuel_round_altar, minivault_24,
          trog_three_pillars_becter, uniq_pikel
D:7:      layout_loops_corners, lemuel_zombie_altar_kikubaaqudgha, minitemple
D:8:      layout_gridville, grunt_lair_entry_orc_guard_hut,
          minmay_misc_feat_roman
D:9:      layout_rooms, kennysheep_mini_moat, orc_0_dummy,
          hangedman_abyss_or_decor_lesser_grid, trog_ov_bears_minmay
D:10:     cheibrodos_ideogram_h, layout_basic
D:11:     layout_basic, basic_altar, grunt_decor_cap
D:12:     layout_basic, item_on_display_a, uniq_frances, uniq_maurice
D:13:     layout_roguey, skrybe_vaults_entry_preservation, serial_shops,
          kennysheep_little_box
D:14:     layout_roguey, minmay_misc_feat_square, serial_shops,
          nicolae_shop_crystal
D:15:     hangedman_depths_entry_civil_slaughter, layout_loops_ring,
          minmay_misc_feat_iff
Temple:   nicolae_temple_great_sept
Lair:1:   layout_misc_corridors
Lair:2:   layout_cave_shapes, elwin_shoals_entry_rooms,
          infiniplex_staircase_pool, uniq_erica, uniq_urug
Lair:3:   layout_hall_layers, grunt_megastairs_2, infiniplex_staircase_pool_2,
          uniq_gastronok
Lair:4:   layout_loops_ring, minmay_snake_entry_guardpost_small, basic_altar
Lair:5:   layout_roguey, minmay_slime_entry_oklob_open,
          ebering_ghost_disaster_area, basic_altar, lemuel_fruit_fields,
          uniq_rupert, uniq_nessos
Lair:6:   due_jungle_book, layout_regular_city, minmay_lair_oklob_chamber,
          uniq_snorg
Snake:1:  layout_rooms, nicolae_snake_linked_coils, drop_trap
Snake:2:  layout_onion_interference, basic_altar, corexii_hall_statues_i,
          lemuel_fruit_tree, grunt_megastairs_5, uniq_donald
Snake:3:  layout_misc_corridors, uniq_vashnia, uniq_bai_suzhen
Orc:1:    minmay_goldmine, layout_caves, basic_altar, uniq_nergalle
Orc:2:    st_orc_ogre_mass, layout_diamond_mine, basic_altar, uniq_jorgrun
Elf:1:    layout_gridlike, minivault_28
Elf:2:    layout_rooms, basic_altar, nicolae_twisting_strands,
          grunt_ministairs_9
Elf:3:    minmay_elf_hall_four_x, layout_onion_city, lemuel_flame_loot_1

Skill      XL: |  1  2  3  4  5  6  7  8  9 10 11 12 13 14 15 16 17 18 |
---------------+-------------------------------------------------------+-----
Fire Magic     | 4 5 6 8 10 11 12 13 15 16 18 19 20 21 22 | 22.4
Conjurations   | 2 3 4 5 6 7 9 11 12 13 14 15 16 | 16.8
Spellcasting   | 4 5 6 8 9 11 13 14 15 16 18 19 | 19.5
Evocations     | 2 4 6 8 |  8.1
Stealth        | 3 |  3.0
Dodging        | 4 7 8 10 | 10.0
Fighting       | 2 4 |  4.0
Shields        | 4 |  4.0

Action                   |  1- 3 |  4- 6 |  7- 9 | 10-12 | 13-15 | 16-18 || total
-------------------------+-------+-------+-------+-------+-------+-------++-------
Melee: Unarmed           |     2 |       |    12 |       |       |       ||    14
       Short sword       |     1 |     6 |       |       |       |       ||     7
       Dagger            |       |       |     1 |     3 |    10 |       ||    14
 Cast: Foxfire           |    88 |   238 |   450 |   188 |   107 |     7 ||  1078
       Conjure Flame     |       |     1 |     2 |     4 |     3 |       ||    10
       Sticky Flame      |       |     1 |    17 |    19 |    14 |     7 ||    58
       Fireball          |       |       |     3 |   178 |   425 |   333 ||   939
       Shock             |       |       |       |    20 |       |     4 ||    24
       Mephitic Cloud    |       |       |       |     4 |     1 |       ||     5
       Starburst         |       |       |       |    11 |    30 |    11 ||    52
       Orb of Destructio |       |       |       |     1 |    12 |    57 ||    70
       Blink             |       |       |       |       |     4 |       ||     4
       Iskenderun's Batt |       |       |       |       |     7 |    39 ||    46
       Bolt of Magma     |       |       |       |       |     1 |     6 ||     7
       Magic Dart        |       |       |       |       |       |     2 ||     2
       Ignition          |       |       |       |       |       |     9 ||     9
Evoke: Wand              |       |       |       |     1 |       |     1 ||     2
  Use: Potion            |       |       |     4 |     3 |       |       ||     7
       Scroll            |       |       |     7 |    15 |    20 |    15 ||    57
 Stab: Distracted        |       |     1 |       |       |       |       ||     1
Armor: Robe              |     3 |    13 |    11 |     9 |     7 |     3 ||    46
       Skin              |       |       |     1 |       |       |       ||     1
Dodge: Dodged            |    24 |    39 |    45 |    58 |    42 |    57 ||   265
Block: Other             |       |       |       |     3 |     4 |     1 ||     8
       Reflection        |       |       |       |     2 |     1 |     2 ||     5
       Buckler           |       |       |       |       |       |    13 ||    13
